SR
PHOENIX HOTSPUR ACADEMY @ QUEBEC CITY BABY BLUES
08/20/2037
 
TOP OF THE 1ST
Phoenix Hotspur Academy batting - Pitching for Quebec City Baby Blues : RHP Jesús Ríos
Pitching: RHP Jesús Ríos
Batting: LHB Daniel Page 0-0: Called Strike
0-1: SINGLE (Groundball, 6D, EV 98.1 MPH)
Batting: RHB Julián Vélez 0-0: Ball
Daniel Page steals 2nd base
1-0: Called Strike
1-1: Called Strike
1-2: Foul Ball, location: 2F
1-2: Strikes out swinging
Batting: RHB Keith Lynn 0-0: Foul Ball, location: 2F
0-1: Called Strike
0-2: Ball
1-2: Ball
2-2: Foul Ball, location: 2F
2-2: Reached on error, E4 (Groundball, 4, EV 91.9 MPH)
Daniel Page to third
Batting: LHB Ron Lee 0-0: Ball
1-0: Ball
2-0: Fly out, F8 (Flyball, 8LS, EV 93.1 MPH)
Batting: RHB Ger Jobse 0-0: Foul Ball, location: 2F
0-1: Foul Ball, location: 2F
0-2: Ball
1-2: Foul Ball, location: 2F
1-2: Foul Ball, location: 2F
1-2: Fly out, F7 (Flyball, 7S, EV 90.0 MPH)
Top of the 1st over - 0 runs, 1 hit, 1 error, 2 left on base; Phoenix 0 - Quebec City 0
BOTTOM OF THE 1ST
Quebec City Baby Blues batting - Pitching for Phoenix Hotspur Academy : RHP Heath Brown
Pitching: RHP Heath Brown
Batting: RHB Juan Oleastro 0-0: Ball
1-0: Foul Ball, location: 2F
1-1: Swinging Strike
1-2: Foul Ball, location: 2F
1-2: Strikes out swinging
Batting: RHB Kawenaula Alohalani 0-0: Ball
1-0: Ball
2-0: Ball
3-0: Called Strike
3-1: Foul Ball, location: 2F
3-2: Base on Balls
Batting: RHB Doug Chapman 0-0: Ball
1-0: Called Strike
1-1: Foul Ball, location: 2F
1-2: Foul Ball, location: 2F
1-2: Ball
2-2: Fly out, F4 (Flyball, 3D, EV 88.1 MPH)
Batting: RHB Paul Pitts 0-0: Called Strike
0-1: Foul Ball, location: 2F
0-2: Strikes out swinging
Bottom of the 1st over - 0 runs, 0 hits, 0 errors, 1 left on base; Phoenix 0 - Quebec City 0
TOP OF THE 2ND
Phoenix Hotspur Academy batting - Pitching for Quebec City Baby Blues : RHP Jesús Ríos
Batting: LHB Joshua Sanford 0-0: Swinging Strike
0-1: Foul Ball, location: 2F
0-2: Ball
1-2: Ball
2-2: SINGLE (Flyball, 9S, EV 91.2 MPH)
Batting: RHB Allen Kelley 0-0: Ball
1-0: Ball
2-0: Fielders Choice at 2nd, 6-4 (Groundball, 6M, EV 80.0 MPH)
Batting: LHB Richard Barlow 0-0: Swinging Strike
0-1: Fly out, F9 (Flyball, 8RM, EV 90.6 MPH)
Batting: RHB Eugene Parker 0-0: Foul Ball, location: 2F
0-1: Foul Ball, location: 2F
0-2: Strikes out swinging
Top of the 2nd over - 0 runs, 1 hit, 0 errors, 1 left on base; Phoenix 0 - Quebec City 0
BOTTOM OF THE 2ND
Quebec City Baby Blues batting - Pitching for Phoenix Hotspur Academy : RHP Heath Brown
Batting: RHB Mark Bakker 0-0: Ball
1-0: Called Strike
1-1: Ball
2-1: Ball
3-1: Foul Ball, location: 2F
3-2: Ground out 6-3 (Groundball, 6, EV 80.0 MPH)
Batting: RHB Ji-hyun Yi 0-0: Called Strike
0-1: Ball
1-1: Ball
2-1: Fly out, F8 (Flyball, 8RXD, EV 89.4 MPH)
Batting: RHB Víctor Montaño 0-0: Foul Ball, location: 2F
0-1: Bunt missed!
0-2: Fly out, F9 (Flyball, 9LD, EV 85.6 MPH)
Bottom of the 2nd over - 0 runs, 0 hits, 0 errors, 0 left on base; Phoenix 0 - Quebec City 0
TOP OF THE 3RD
Phoenix Hotspur Academy batting - Pitching for Quebec City Baby Blues : RHP Jesús Ríos
Batting: LHB Daniel Page 0-0: Ball
1-0: Foul Ball, location: 2F
1-1: Ball
2-1: Ground out 5-3 (Groundball, 5, EV 78.1 MPH)
Batting: RHB Julián Vélez 0-0: Ball
1-0: Ball
2-0: Called Strike
2-1: Reached on error, E6 (Groundball, 6, EV 79.4 MPH)
Batting: RHB Keith Lynn 0-0: Called Strike
0-1: Foul Ball, location: 2F
0-2: Strikes out swinging
Batting: LHB Ron Lee 0-0: Called Strike
0-1: Foul Ball, location: 2F
0-2: Strikes out swinging
Top of the 3rd over - 0 runs, 0 hits, 1 error, 1 left on base; Phoenix 0 - Quebec City 0
BOTTOM OF THE 3RD
Quebec City Baby Blues batting - Pitching for Phoenix Hotspur Academy : RHP Heath Brown
Batting: RHB Jessie Gibbs 0-0: Ball
1-0: Foul Ball, location: 2F
1-1: Called Strike
1-2: Ball
2-2: Strikes out swinging, 2-3 out at first.
Batting: RHB Avigdor Lieberman 0-0: Ball
1-0: Called Strike
1-1: Swinging Strike
1-2: Strikes out swinging
Batting: RHB Juan Oleastro 0-0: Ball
1-0: Foul Ball, location: 2F
1-1: Fly out, F9 (Flyball, 89M, EV 96.2 MPH)
Bottom of the 3rd over - 0 runs, 0 hits, 0 errors, 0 left on base; Phoenix 0 - Quebec City 0
TOP OF THE 4TH
Phoenix Hotspur Academy batting - Pitching for Quebec City Baby Blues : RHP Jesús Ríos
Batting: RHB Ger Jobse 0-0: Ball
1-0: Fly out, F8 (Flyball, 8LM, EV 95.6 MPH)
Batting: LHB Joshua Sanford 0-0: Called Strike
0-1: Ball
1-1: Ground out 5-3 (Groundball, 56, EV 106.2 MPH)
Batting: RHB Allen Kelley 0-0: Swinging Strike
0-1: Swinging Strike
0-2: Strikes out swinging
Top of the 4th over - 0 runs, 0 hits, 0 errors, 0 left on base; Phoenix 0 - Quebec City 0
BOTTOM OF THE 4TH
Quebec City Baby Blues batting - Pitching for Phoenix Hotspur Academy : RHP Heath Brown
Batting: RHB Kawenaula Alohalani 0-0: Called Strike
0-1: Ball
1-1: Ground out 3-1 (Groundball, 34, EV 101.2 MPH)
Batting: RHB Doug Chapman 0-0: Fly out, F9 (Line Drive, 9, EV 96.9 MPH)
Batting: RHB Paul Pitts 0-0: Foul Ball, location: 2F
0-1: Ball
1-1: Foul Ball, location: 2F
1-2: Fly out, F9 (Flyball, 9LM, EV 91.9 MPH)
Bottom of the 4th over - 0 runs, 0 hits, 0 errors, 0 left on base; Phoenix 0 - Quebec City 0
TOP OF THE 5TH
Phoenix Hotspur Academy batting - Pitching for Quebec City Baby Blues : RHP Jesús Ríos
Batting: LHB Richard Barlow 0-0: Ball
1-0: Ground out 1-3 (Groundball, 13, EV 85.6 MPH)
Batting: RHB Eugene Parker 0-0: Called Strike
0-1: Ball
1-1: Ground out 1-3 (Groundball, P, EV 84.4 MPH)
Batting: LHB Daniel Page 0-0: Ball
1-0: Foul Ball, location: 2F
1-1: SINGLE (Line Drive, 56, EV 94.4 MPH)
Batting: RHB Julián Vélez 0-0: Called Strike
0-1: Ball
1-1: Ball
2-1: Foul Ball, location: 2F
2-2: Ground out 4-3 (Groundball, 4, EV 80.6 MPH)
Top of the 5th over - 0 runs, 1 hit, 0 errors, 1 left on base; Phoenix 0 - Quebec City 0
BOTTOM OF THE 5TH
Quebec City Baby Blues batting - Pitching for Phoenix Hotspur Academy : RHP Heath Brown
Batting: RHB Mark Bakker 0-0: Ball
1-0: Ball
2-0: Ball
3-0: Called Strike
3-1: Ground out 4-3 (Groundball, 4, EV 85.0 MPH)
Batting: RHB Ji-hyun Yi 0-0: Ground out 5-3 (Groundball, 56, EV 82.5 MPH)
Batting: RHB Víctor Montaño 0-0: Ball
1-0: Foul Ball, location: 2F
1-1: Swinging Strike
1-2: Strikes out looking
Bottom of the 5th over - 0 runs, 0 hits, 0 errors, 0 left on base; Phoenix 0 - Quebec City 0
TOP OF THE 6TH
Phoenix Hotspur Academy batting - Pitching for Quebec City Baby Blues : RHP Jesús Ríos
Pitching: LHP Sylvain Richard
Batting: RHB Keith Lynn 0-0: Called Strike
0-1: Ball
1-1: Swinging Strike
1-2: Strikes out swinging
Batting: LHB Ron Lee 0-0: Swinging Strike
0-1: Swinging Strike
0-2: Ball
1-2: Strikes out swinging
Batting: RHB Ger Jobse 0-0: Foul Ball, location: 2F
0-1: Ball
1-1: SOLO HOME RUN (Flyball, 78XD, EV 91.9 MPH), Distance : 420 ft
Batting: LHB Joshua Sanford 0-0: Foul Ball, location: 2F
0-1: Swinging Strike
0-2: Strikes out swinging
Top of the 6th over - 1 run, 1 hit, 0 errors, 0 left on base; Phoenix 1 - Quebec City 0
BOTTOM OF THE 6TH
Quebec City Baby Blues batting - Pitching for Phoenix Hotspur Academy : RHP Heath Brown
Batting: RHB Jessie Gibbs 0-0: Ball
1-0: Reached on error, E3 (Groundball, 34S, EV 83.1 MPH)
Batting: RHB Avigdor Lieberman 0-0: Bunted foul
0-1: Bunted foul
0-2: SINGLE (Groundball, 3, EV 94.4 MPH) (infield hit)
Jessie Gibbs to second
Batting: RHB Juan Oleastro 0-0: Called Strike
0-1: Ball
1-1: SINGLE (Groundball, 34D, EV 105.0 MPH)
Jessie Gibbs to third
Avigdor Lieberman to second
Runner from 3rd tries for Home, SAFE, throw by RF to home
Pitching: RHP Cipriano Cereceres
Batting: RHB Kawenaula Alohalani 0-0: Called Strike
0-1: Fly out, F7 (Line Drive, 7, EV 83.1 MPH)
Batting: RHB Doug Chapman 0-0: Called Strike
0-1: Swinging Strike
0-2: Ball
1-2: Ball
2-2: Foul Ball, location: 2F
2-2: Strikes out swinging
Batting: RHB Paul Pitts 0-0: Ball
1-0: Foul Ball, location: 2F
1-1: SINGLE (Line Drive, 7LS, EV 93.1 MPH)
Avigdor Lieberman to third
Juan Oleastro to second
Batting: RHB Mark Bakker 0-0: Swinging Strike
0-1: Ball
1-1: Ground out 4-3 (Groundball, 4, EV 88.8 MPH)
Bottom of the 6th over - 1 run, 3 hits, 1 error, 3 left on base; Phoenix 1 - Quebec City 1
TOP OF THE 7TH
Phoenix Hotspur Academy batting - Pitching for Quebec City Baby Blues : LHP Sylvain Richard
Batting: RHB Allen Kelley 0-0: Fly out, F7 (Flyball, 7S, EV 86.2 MPH)
Batting: LHB Richard Barlow 0-0: Foul Ball, location: 2F
0-1: Ball
1-1: Foul Ball, location: 2F
1-2: Strikes out swinging
Batting: RHB Eugene Parker 0-0: Called Strike
0-1: Foul Ball, location: 2F
0-2: Ball
1-2: Strikes out looking
Top of the 7th over - 0 runs, 0 hits, 0 errors, 0 left on base; Phoenix 1 - Quebec City 1
BOTTOM OF THE 7TH
Quebec City Baby Blues batting - Pitching for Phoenix Hotspur Academy : RHP Cipriano Cereceres
Batting: RHB Ji-hyun Yi 0-0: Called Strike
0-1: Foul Ball, location: 2F
0-2: Ball
1-2: Foul Ball, location: 2F
1-2: Strikes out looking
Batting: RHB Víctor Montaño 0-0: Ball
1-0: Foul Ball, location: 2F
1-1: Ball
2-1: Ball
3-1: Base on Balls
Batting: RHB Jessie Gibbs 0-0: Called Strike
0-1: Ball
1-1: Swinging Strike
1-2: Ball
2-2: SINGLE (Flyball, 4MD, EV 81.9 MPH)
Víctor Montaño to second
Pitching: RHP Jorge García
Batting: RHB Avigdor Lieberman 0-0: Ball
1-0: Ball
2-0: Ball
3-0: Called Strike
3-1: Fly out, F6 (Line Drive, 6, EV 63.8 MPH)
Batting: RHB Juan Oleastro 0-0: SINGLE (Groundball, 4MD, EV 110.6 MPH)
Víctor Montaño to third
Jessie Gibbs to second
Runner from 3rd tries for Home, SAFE, throw by CF to home
Pinch Runner at 2nd Tim Wright:
Batting: RHB Kawenaula Alohalani 0-0: Called Strike
0-1: Foul Ball, location: 2F
0-2: Fly out, F9 (Flyball, 9LMF, EV 87.5 MPH)
Bottom of the 7th over - 1 run, 2 hits, 0 errors, 2 left on base; Phoenix 1 - Quebec City 2
TOP OF THE 8TH
Phoenix Hotspur Academy batting - Pitching for Quebec City Baby Blues : LHP Sylvain Richard
Now at 2B: Chee-hwa Kun
Batting: LHB Daniel Page 0-0: Ball
1-0: Swinging Strike
1-1: Ground out 1-3 (Groundball, 34S, EV 86.2 MPH)
Batting: RHB Julián Vélez 0-0: Ball
1-0: Ball
2-0: SINGLE (Line Drive, 3D, EV 99.4 MPH)
Batting: RHB Keith Lynn 0-0: Called Strike
0-1: Swinging Strike
0-2: Strikes out looking
Batting: LHB Ron Lee 0-0: Swinging Strike
0-1: Ball
1-1: Foul Ball, location: 2F
1-2: Ball
2-2: Ball
3-2: Base on Balls
Julián Vélez to second
Batting: RHB Ger Jobse 0-0: Ball
1-0: Swinging Strike
1-1: Ball
2-1: Foul Ball, location: 2F
2-2: Ball
3-2: Foul Ball, location: 2F
3-2: Strikes out swinging
Top of the 8th over - 0 runs, 1 hit, 0 errors, 2 left on base; Phoenix 1 - Quebec City 2
BOTTOM OF THE 8TH
Quebec City Baby Blues batting - Pitching for Phoenix Hotspur Academy : RHP Jorge García
Batting: RHB Doug Chapman 0-0: Foul Ball, location: 2F
0-1: Fly out, F9 (Flyball, 9S, EV 92.5 MPH)
Batting: RHB Paul Pitts 0-0: Foul Ball, location: 2F
0-1: Swinging Strike
0-2: Strikes out swinging
Batting: RHB Mark Bakker 0-0: Ball
1-0: Fly out, F3 (Line Drive, 3, EV 64.4 MPH)
Bottom of the 8th over - 0 runs, 0 hits, 0 errors, 0 left on base; Phoenix 1 - Quebec City 2
TOP OF THE 9TH
Phoenix Hotspur Academy batting - Pitching for Quebec City Baby Blues : LHP Sylvain Richard
Now at 1B: John Joseph
Batting: LHB Joshua Sanford 0-0: Ball
1-0: Ball
2-0: Called Strike
2-1: SINGLE (Line Drive, 7LM, EV 95.6 MPH)
Pitching: RHP Olivier Nogues
Batting: RHB Allen Kelley 0-0: Sac Bunt to 13 - play at first, batter OUT! 1-4
Joshua Sanford to second
Batting: LHB Richard Barlow 0-0: Foul Ball, location: 2F
0-1: Fly out, F7 (Flyball, 7LM, EV 101.2 MPH)
Runner from 2nd tags up, OUT at 3rd! 7-5
Top of the 9th over - 0 runs, 1 hit, 0 errors, 0 left on base; Phoenix 1 - Quebec City 2
Thursday, January 23rd, 2020 - OOTP Baseball 20.8 Build 74